 Dungeon Crawl Stone Soup version 0.28-a0-796-gd4f0d3f9b2 (webtiles) character file.

Game seed: 16887761741594911385

3 Glokmah the Grasshopper (level 1, 0/12 HPs)
             Began as a Kobold Warper on Nov 6, 2021.
             Slain by a quokka (4 damage)
             ... on level 1 of the Dungeon.
             The game lasted 00:00:40 (361 turns).

Glokmah the Grasshopper (Kobold Warper)              Turns: 361, Time: 00:00:43

Health: 0/12       AC:  5    Str:  8    XL:     1   Next: 55%
Magic:  3/3        EV: 14    Int: 14    God:
Gold:   25         SH:  0    Dex: 14    Spells: 4/4 levels left

rFire   . . .      SeeInvis .   a - +0 short sword
rCold   . . .      Faith    .   (shield restricted)
rNeg    . . .      Spirit   .   b - +0 leather armour
rPois   .          Reflect  .   (no helmet)
rElec   .          Harm     .   g - +1 cloak
rCorr   .          Rampage  .   (no gloves)
Will    .....                   (no boots)
Stlth   ++........              (no amulet)
HPRegen 0.04/turn               (no ring)
MPRegen 0.08/turn               (no ring)

@: no status effects
A: small, no large weapons, nightstalker 3
a: no special abilities


You were on level 1 of the Dungeon.
You visited 1 branch of the dungeon, and saw 1 of its levels.

You collected 25 gold pieces.

Inventory:

Hand Weapons
 a - a +0 short sword (weapon)
Missiles
 d - 5 boomerangs of dispersal (quivered)
Armour
 b - a +0 leather armour (worn)
 g - a +1 cloak (worn)
Scrolls
 c - a scroll of blinking
 e - a scroll of identify {unknown}
 f - a scroll of noise {unknown}
 h - a scroll of teleportation {unknown}


   Skills:
 + Level 2.2 Fighting
 * Level 2.8 Short Blades
 - Level 1.1 Throwing
 - Level 0.7 Armour
 + Level 2.4 Dodging
 * Level 0.5 Stealth
 - Level 2.1 Spellcasting
 + Level 3.0 Translocations


You had 4 spell levels left.
You didn't know any spells.
Your spell library contained the following spells:

 Spells                   Type           Power      Damage    Failure   Level
 Blink                    Tloc           20%        N/A       14%         2
 Gell's Gravitas          Tloc           10%        N/A       28%         3
 Lesser Beckoning         Tloc           10%        N/A       28%         3
 Teleport Other           Tloc           10%        N/A       28%         3
 Manifold Assault         Tloc           10%        N/A       95%         5
 Summon Forest            Summ/Tloc      2%         N/A       99%         5
 Eringya's Noxious Bog    Tmut/Pois      0%         N/A       100%        6
 Summon Hydra             Summ           0%         N/A       100%        7


Dungeon Overview and Level Annotations

Branches:
Dungeon (1/15)

Altars:


Innate Abilities, Weirdness & Mutations

You are small and have problems with some larger weapons.
You are completely attuned to the shadows.


Message History

No target in view!
No target in view!
You see here a bat corpse.
You pick up a Fen Folio and begin reading...
You add the spells Summon Forest, Eringya's Noxious Bog and Summon Hydra to your library.
HP restored.
You now have 25 gold pieces (gained 12).
Found a ring mail.
You see here a +0 ring mail.
Found a glowing cloak.
You see here a +1 cloak.
You start putting on your armour.
You continue putting on your +1 cloak. x4
You finish putting on your +1 cloak.
h - a scroll labelled QESOANY WISMERCH
Found a stone staircase leading down.
Found 26 arrows.
A goblin comes into view. It is wielding a +0 dagger.
The helpless goblin fails to defend itself.
You puncture the goblin!
You kill the goblin!
A goblin and a kobold come into view.
Found 10 gold pieces.
You see here a +0 dagger.
Found a scroll labelled QESOANY WISMERCH.
An endoplasm comes into view.
The goblin shouts!
The kobold shouts!
You hear an angry hiss. x3
A ball python comes into view.
You barely miss the kobold.
A ball python comes into view.
A quokka comes into view.
The kobold hits you with a +0 club.
You completely miss the kobold.
The endoplasm hits you but does no damage.
The kobold hits you with a +0 club.
You hit the quokka.
The quokka is severely wounded.
The ball python closely misses you. The ball python misses you.
A frilled lizard comes into view.
The endoplasm freezes you.
You are frozen.
The kobold hits you with a +0 club. The quokka bites you.
You die...

.##.###### #
#.# .. ..?#
.l###.⌠.#
...g#S.
.#.#KSJ#
....#$@.#
#.#.###r#
#.#....#....
#.....######
###.### #.#
#.# ## ##.##
... #...###


You could see an endoplasm, a quokka, a goblin, 2 ball pythons, a kobold and a
frilled lizard (wandering).

Vanquished Creatures
  2 goblins (D:1)
  A ball python (D:1)
  A bat (D:1)
4 creatures vanquished.

Notes
Turn   | Place    | Note
-------+----------+-------------------------------------------
     0 | D:1      | Glokmah the Kobold Warper began the quest for the Orb.
     0 | D:1      | Reached XP level 1. HP: 12/12 MP: 3/3
   361 | D:1      | Slain by a quokka

Illustrated notes

Levels and vault maps discovered:
D:1:      heliophobic_arrival_battle_scene, layout_loops_cross,
          minmay_pentomino_v4

Action                   || total
-------------------------++-------
Melee: Short sword       ||    10
 Stab: Sleeping          ||     2
Armor: Leather armour    ||     2
Dodge: Dodged            ||     7

Table legend: (Time is in decaauts)
 A = Elapsed time spent in this place.
 B = Non-inter-level travel time spent in this place.
 C = Inter-level travel time spent in this place.
 D = Time resting spent in this place.
 E = Time spent auto-exploring this place.
 F = Levels seen in this place.
 G = Mean time per level.
                   A        B        C        D        E       F      G
               +--------+--------+--------+--------+--------+-----+--------+
         Total |    360 |    360 |      0 |      0 |    306 |   1 |  360.0 |
       Dungeon |    360 |    360 |      0 |      0 |    306 |   1 |  360.0 |
               +--------+--------+--------+--------+--------+-----+--------+

Top non-repeatable levels by time:
     D:1: 360 daAuts
